 Dungeon Crawl Stone Soup version 0.23-a0-419-g0174fd8 (webtiles) character file.

193858 galech the Severer (level 18, -6/147 HPs)
             Began as a Demonspawn Fighter on Nov 13, 2018.
             Was the Champion of Okawaru.
             Killed from afar by a deep elf sorcerer (31 damage)
             ... with a bolt of acid
             ... on level 3 of the Elven Halls.
             The game lasted 01:14:52 (39503 turns).

galech the Severer (Demonspawn Fighter)            Turns: 39503, Time: 01:14:52

Health: -6/147     AC: 41    Str: 16    XL:     18   Next: 8%
Magic:  0/21       EV: 16    Int: 11    God:    Okawaru [******]
Gold:   2071       SH: 21    Dex: 23    Spells: 17/17 levels left

rFire    . . .     SeeInvis +   b - +9 hand axe (flame)
rCold    . . .     Gourm    .   F - +1 large shield {AC+3}
rNeg     . . .     Faith    +   H - +10 scale mail of Oqicafoc {rPois MR++ Dex+3}
rPois    +         Spirit   +   c - +2 helmet {SInv}
rElec    .         Reflect  .   U - scarf {repulsion}
rCorr    .         Harm     .   n - +3 pair of gauntlets of War {Slay+5}
MR       ++++.                  M - +0 pair of boots {run}
Stlth    ++........             e - amulet of faith
HPRegen  0.34/turn              p - +1 ring of evasion
MPRegen  0.34/turn              R - +1 ring of protection

@: about to teleport, sanguine armour, repel missiles, quick
A: hooves 2, magic resistance 1, powered by pain 3, magic shield, magic
regeneration, sanguine armour 2
a: Heroism, Finesse, Renounce Religion


You were on level 3 of the Elven Halls.
You worshipped Okawaru.
Okawaru was exalted by your worship.
You were very hungry.

You visited 5 branches of the dungeon, and saw 27 of its levels.
You visited the Abyss 1 time.
You also visited: Labyrinth, Sewer, Ossuary and Ice Cave.

You collected 3443 gold pieces.
You spent 1372 gold pieces at shops.

Inventory:

Hand Weapons
 b - a +9 hand axe of flaming (weapon)
 o - a +4 war axe of chopping
 N - a +7 hand axe of freezing
 S - the +1 war axe of Eternal Harmony {venom, MP+9 Str+3 Int+3 Dex-2}
   (Okawaru gifted it to you on level 6 of the Lair of Beasts)

   It poisons the flesh of those it strikes.
   It affects your strength (+3).
   It affects your intelligence (+3).
   It affects your dexterity (-2).
   It affects your magic capacity (+9).
Armour
 c - a +2 helmet of see invisible (worn)
 n - the +3 pair of gauntlets of War (worn) {Slay+5}
   (You bought it in a shop on level 15 of the Dungeon)

   It affects your accuracy and damage with ranged weapons and melee attacks
   (+5).
 C - a +4 plate armour of cold resistance
 F - a +1 large shield of protection (worn)
 H - the +10 scale mail of Oqicafoc (worn) {rPois MR++ Dex+3}
   (You found it in a labyrinth)

   It affects your dexterity (+3).
   It protects you from poison.
   It affects your resistance to hostile enchantments.
 M - a +0 pair of boots of running (worn)
 P - a +2 cloak of invisibility
 U - a scarf of repulsion (worn)
 V - +0 acid dragon scales
 Y - the +2 scale mail of Listlessness {rF- rN+ Str+6 Dex-2}
   (Okawaru gifted it to you on level 1 of the Orcish Mines)

   It affects your strength (+6).
   It affects your dexterity (-2).
   It makes you vulnerable to fire.
   It protects you from negative energy.
Jewellery
 d - an uncursed ring of protection from magic
 e - an amulet of faith (around neck)
 k - an uncursed amulet of the acrobat
 p - a +1 ring of evasion (left hand)
 s - an uncursed ring of positive energy
 t - an uncursed ring of poison resistance
 E - an uncursed ring of protection from magic
 I - an uncursed ring of stealth
 L - an uncursed ring of flight
 R - a +1 ring of protection (right hand)
 W - an uncursed amulet of harm {unknown}
 X - an uncursed ring of protection from cold
Wands
 a - a wand of digging (5)
Scrolls
 h - 8 scrolls of fear
 i - 13 scrolls of remove curse
 q - 6 scrolls of teleportation
 r - 8 scrolls of blinking
 w - 17 scrolls of identify
 y - 2 scrolls of enchant weapon
 B - 2 scrolls of magic mapping
 K - a scroll of silence
 Q - 4 scrolls of enchant armour
 T - a scroll of brand weapon
Potions
 g - 5 potions of haste
 j - a potion of curing
 l - 6 potions of magic
 m - a potion of brilliance
 v - 2 potions of berserk rage
 x - 3 potions of cancellation
 z - 4 potions of ambrosia
 A - 3 potions of invisibility
 D - 3 potions of flight
 G - 5 potions of might
 O - a potion of lignification
 Z - 2 potions of mutation
Comestibles
 f - 51 rations


   Skills:
 + Level 14.7 Fighting
 + Level 15.9 Axes
 + Level 12.1 Armour
 + Level 9.2 Dodging
 + Level 3.7 Stealth
 + Level 15.9 Shields
 + Level 4.9 Invocations
 + Level 0.1 Evocations


You had 17 spell levels left.
You didn't know any spells.
Your spell library contained the following spells:

 Spells                   Type           Power        Failure   Level  Hunger
 Apportation              Tloc           #.....       97%         1    ##.....
 Confusing Touch          Hex            #.....       97%         1    ##.....
 Corona                   Hex            #......      97%         1    ##.....
 Magic Dart               Conj           #...         97%         1    ##.....
 Shock                    Conj/Air       #...         97%         1    ##.....
 Sting                    Conj/Pois      #...         97%         1    ##.....
 Summon Butterflies       Summ           #.......     97%         1    ##.....
 Blink                    Tloc           N/A          99%         2    ###....
 Call Imp                 Summ           #.......     99%         2    ###....
 Passwall                 Tmut/Erth      #.......     99%         2    ###....
 Poisonous Vapours        Pois/Air       #.....       99%         2    ###....
 Slow                     Hex            #.......     99%         2    ###....
 Swiftness                Chrm/Air       #.......     99%         2    ###....
 Call Canine Familiar     Summ           #.......     100%        3    ####...
 Confuse                  Hex            #.......     100%        3    ####...
 Conjure Flame            Conj/Fire      #.......     100%        3    ####...
 Gell's Gravitas          Tloc           #.........   100%        3    ####...
 Inner Flame              Hex/Fire       #.......     100%        3    ####...
 Lesser Beckoning         Tloc           #.........   100%        3    ####...
 Mephitic Cloud           Conj/Pois/Air  #.......     100%        3    ####...
 Ozocubu's Armour         Chrm/Ice       #.......     100%        3    ####...
 Portal Projectile        Hex/Tloc       #.....       100%        3    ####...
 Static Discharge         Conj/Air       #.......     100%        3    ####...
 Summon Guardian Golem    Hex/Summ       #.......     100%        3    ####...
 Tukima's Dance           Hex            #.......     100%        3    ####...
 Airstrike                Air            #.........   100%        4    #####..
 Cause Fear               Hex            #.........   100%        4    #####..
 Leda's Liquefaction      Hex/Erth       #.........   100%        4    #####..
 Olgreb's Toxic Radiance  Pois           #.......     100%        4    #####..
 Petrify                  Tmut/Erth      #.......     100%        4    #####..
 Summon Ice Beast         Ice/Summ       #.......     100%        4    #####..
 Alistair's Intoxication  Tmut/Pois      #.......     100%        5    ######.
 Lightning Bolt           Conj/Air       #.........   100%        5    ######.
 Metabolic Englaciation   Hex/Ice        #.........   100%        5    ######.
 Silence                  Hex/Air        #.........   100%        5    ######.
 Summon Mana Viper        Hex/Summ       #.......     100%        5    ######.
 Venom Bolt               Conj/Pois      #.........   100%        5    ######.
 Yara's Violent Unravell  Hex/Tmut       #.........   100%        5    ######.
 Bolt of Cold             Conj/Ice       #.........   100%        6    #######
 Freezing Cloud           Conj/Ice/Air   #.........   100%        6    #######
 Invisibility             Hex            #.......     100%        6    #######
 Ozocubu's Refrigeration  Ice            #.........   100%        6    #######
 Ring of Flames           Chrm/Fire      #.........   100%        7    #######


Dungeon Overview and Level Annotations

Branches:
Dungeon (15/15)            Temple (1/1) D:4            Lair (6/6) D:8
 Shoals (0/4) Lair:2        Snake (0/4) Lair:2        Slime (0/5) Lair:6
    Orc (2/2) D:9             Elf (3/3) Orc:2        Vaults (0/5) D:13
 Depths (0/5) D:15

Altars:
Ashenzari
Dithmenos
Elyvilon
Fedhas
Kikubaaqudgha
Okawaru
Ru
Sif Muna
Wu Jian
The Shining One
Jiyva

Shops:
D:4 :   D:5 %   D:6 (   D:9 (   D:15 [*:*   Orc:2 =![?   Elf:1 ?   Elf:3 }

Annotations:
D:5 Prince Ribbit


Innate Abilities, Weirdness & Mutations

You have hoof-like feet.
You are powered by pain.
When hurt, damage is shared between your health and your magic reserves.
You regenerate magic rapidly.
When seriously injured, your bleeding wounds create thick armour. (AC +9)
You are resistant to hostile enchantments. (MR+)


Message History

You completely miss the deep elf master archer.
The deep elf master archer is moderately wounded.
The deep elf master archer shoots an arrow.
The arrow hits you!
* * * LOW HITPOINT WARNING * * *
x2 You slash the deep elf master archer!
You burn the deep elf master archer.
The deep elf master archer is heavily wounded.
Your surroundings suddenly seem different.
A deep elf death mage comes into view.
It is wielding a +2 rapier of holy The deep elf death mage shouts!
The deep elf elementalist shouts!
The deep elf annihilator shouts!
The deep elf sorcerer shouts!
None of your equipped items are cursed.
As you read the scroll of teleportation, it crumbles to dust.
You feel strangely unstable.
The deep elf elementalist gestures at you while chanting.
The fireball explodes!
The fireball engulfs you!
* * * LOW HITPOINT WARNING * * *
The deep elf sorcerer gestures at you while chanting.
The bolt of acid hits you!
You die... ...........## .....###....## e.. ###...# ....... ##..## ....... #...# # ...e..# ##..# .# E..EEe#

..##'## ......##
##....... .......#
#@....... .......##
##........ ........#
#......... ....e...()#
#...e.......
#......Ee.....ee........
##.....e..........⌠.....
#......e.....e.........
##.....E..............#
###.................##


You could see a deep elf annihilator, a deep elf death mage, a deep elf sorcerer
and a deep elf elementalist.

Vanquished Creatures
  A bone dragon (Abyss:3)
  Rupert (D:14)
  2 deep elf blademasters
  A frost giant (IceCv)
  3 deep elf sorcerers
  A deep elf elementalist (Elf:3)
  A draconian annihilator (Abyss:3)
  A minotaur (Lab)
  6 deep elf annihilators
  3 deep elf death magi (Elf:3)
  7 deep elf high priests
  A fire dragon (Lair:6)
  A rakshasa (Abyss:3)
  7 hydras
  5 ogre magi
  4 vault guards (D:13)
  Erica (D:8)
  6 centaur warriors
  27 dancing weapons
  20 two-headed ogres
  2 death yaks (IceCv)
  2 tengu warriors (D:15)
  2 thrashing horrors (Abyss:3)
  A wretched star (Abyss:3)
  23 deep elf knights
  A spatial maelstrom (Abyss:3)
  2 sixfirhies
  A deep troll (D:15)
  5 unseen horrors
  A swamp dragon (Lair:6)
  A glowing orange brain (D:15)
  2 wizards
  An orc knight (Orc:1)
  13 deep elf archers
  A wolf spider (Lair:6)
  2 oklob plants (Lair:2)
  55 deep elf magi
  7 ugly things
  4 cyclopes
  4 orc sorcerers
  An ice statue (IceCv)
  5 manticores
  A guardian serpent (Lair:6)
  7 elephants
  Psyche (D:11)
  2 molten gargoyles (Lair:3)
  A rust devil (Abyss:3)
  8 black mambas
  3 gargoyles
  A hellion (Abyss:3)
  2 large abominations (Abyss:3)
  2 centaur skeletons (D:14)
  4 kobold demonologists
  A torpor snail (Lair:6)
  3 rime drakes
  20 spiny frogs
  2 efreet
  A freezing wraith (Abyss:3)
  7 komodo dragons
  A yaktaur (D:15)
  2 ice devils (D:13)
  2 tengu conjurers (D:15)
  6 meliai
  5 trolls
  12 polar bears (IceCv)
  4 hornets
  13 blink frogs
  6 slime creatures (D:14)
  8 hippogriffs
  5 dream sheep (Lair:6)
  3 redbacks
  4 flying skulls (Abyss:3)
  6 starcursed masses (Abyss:3)
  3 shadows
  A wraith (D:11)
  5 water elementals
  54 yaks
  15 wyverns
  5 air elementals
  2 fire elementals (Elf:1)
  5 basilisks
  5 hungry ghosts
  4 steam dragons
  A chaos spawn (Abyss:3)
  2 vampire mosquitoes (D:13)
  A spatial vortex (Abyss:3)
  4 wargs
  2 nagas (Lair:2)
  Menkaure (D:5)
  4 acid dragons
  2 soldier ants
  22 water moccasins
  12 porcupines
  6 ice beasts
  Purgy (Sewer)
  A swamp drake (Lair:6)
  3 sky beasts
  2 phantoms
  15 orc warriors
  2 eyes of draining
  3 necrophages
  35 ogres
  35 wolves
  23 centaurs
  9 crocodiles
  19 bullfrogs
  6 big kobolds
  A wyvern zombie (D:14)
  An earth elemental (Elf:3)
  A gnoll sergeant (D:10)
  A water moccasin zombie (D:5)
  2 wyvern skeletons
  2 small abominations (Abyss:3)
  13 scorpions
  9 wights
  12 killer bees
  7 howler monkeys
  2 electric eels
  9 crimson imps
  2 bullfrog zombies
  2 centaur zombies (Ossuary)
  2 human zombies (Ossuary)
  5 lava snakes (Lair:3)
  2 quasits
  16 orc priests
  10 hounds
  A jelly (D:14)
  2 bullfrog skeletons (D:12)
  17 orc wizards
  A gnoll shaman (Orc:2)
  5 iguanas
  6 worker ants
  A hound zombie (D:9)
  4 mummies
  19 gnolls
  11 adders
  3 scorpion zombies (Ossuary)
  2 oozes
  4 adder skeletons
  2 worms (D:2)
  2 dart slugs
  14 leopard geckos
  68 orcs
  8 bats
  8 giant cockroaches
  2 gnoll zombies (Ossuary)
  6 goblins
  4 hobgoblins
  20 jackals
  40 kobolds
  5 quokkas
  5 ball pythons
  12 frilled lizards
  A goblin zombie (Ossuary)
  3 hobgoblin zombies (Ossuary)
  A jackal zombie (D:7)
  A kobold zombie (Ossuary)
  2 orc zombies (Ossuary)
  6 rats
  2 crawling corpses (Elf:1)
  6 fungi
  A lurking horror (Abyss:3)
  2 plants (Lair:2)
1084 creatures vanquished.

Vanquished Creatures (others)
  A dancing weapon (Elf:3)
  A deep elf archer (Elf:1)
  A faun (shapeshifter) (D:15)
  3 polar bears (IceCv)
  A human (D:8)
  A scorpion (Ossuary)
  An orc wizard (D:5)
  2 goblin zombies (Ossuary)
  A bush (Lair:6)
  A fire vortex (Lair:3)
  19 fungi
  67 plants
99 creatures vanquished.

Grand Total: 1183 creatures vanquished

Notes
Turn   | Place    | Note
-------+----------+-------------------------------------------
     0 | D:1      | galech the Demonspawn Fighter began the quest for the Orb.
     0 | D:1      | Reached XP level 1. HP: 18/18 MP: 1/1
   116 | D:1      | Gained mutation: You sometimes gain a little power by
                  | taking damage. [demonic ancestry]
   116 | D:1      | Reached XP level 2. HP: 20/24 MP: 2/2
   729 | D:1      | Reached XP level 3. HP: 28/29 MP: 3/3
  1308 | D:2      | Reached XP level 4. HP: 24/35 MP: 4/4
  2611 | D:1      | Gained mutation: When hurt, damage is shared between your
                  | health and your magic reserves. [demonic ancestry]
  2611 | D:1      | Reached XP level 5. HP: 16/41 MP: 5/5
  3294 | D:3      | Reached skill level 1 in Dodging
  4530 | D:4      | Reached XP level 6. HP: 43/48 MP: 6/6
  4546 | D:4      | Found a glowing drain.
  4554 | Sewer    | Entered a sewer
  4576 | Sewer    | Noticed Purgy
  4606 | Sewer    | Killed Purgy
  5043 | D:4      | Reached skill level 1 in Stealth
  5359 | D:4      | Found Edigu's Book Shop.
  5451 | D:4      | Gained mutation: You sometimes gain power by taking damage.
                  | [demonic ancestry]
  5451 | D:4      | Reached XP level 7. HP: 54/54 MP: 7/7
  5463 | D:4      | Found a blossoming altar of Fedhas.
  5667 | D:4      | Found a staircase to the Ecumenical Temple.
  5862 | Temple   | Entered the Ecumenical Temple
  5938 | Temple   | Became a worshipper of Warmaster Okawaru
  6150 | D:5      | Entered Level 5 of the Dungeon
  6231 | D:5      | Found a sand-covered staircase.
  6279 | D:5      | Reached skill level 5 in Axes
  6431 | Ossuary  | Entered an ossuary
  6685 | Ossuary  | Gained mutation: When seriously injured, your bleeding
                  | wounds create armour. (AC +9) [demonic ancestry]
  6685 | Ossuary  | Reached XP level 8. HP: 42/61 MP: 5/8
  6822 | Ossuary  | Reached * piety under Okawaru
  7270 | Ossuary  | Reached skill level 5 in Fighting
  7627 | Ossuary  | Reached skill level 5 in Armour
  7798 | D:5      | Reached ** piety under Okawaru
  7945 | D:5      | Noticed Prince Ribbit
  7947 | D:5      | Found Niphobb's Food Boutique.
  8098 | D:5      | Reached XP level 9. HP: 44/68 MP: 5/9
  8480 | D:5      | Noticed Menkaure
  8500 | D:5      | Killed Menkaure
  8935 | D:6      | Found Jemiwuuh's Weapon Shoppe.
  8947 | D:6      | Reached skill level 1 in Invocations
  8985 | D:6      | Reached *** piety under Okawaru
  9526 | D:6      | Found a glowing golden altar of the Shining One.
  9630 | D:6      | Reached skill level 5 in Shields
 10823 | D:8      | Noticed Erica
 10833 | D:8      | Killed Erica
 10833 | D:8      | Reached **** piety under Okawaru
 10923 | D:8      | Gained mutation: You regenerate magic rapidly. [demonic
                  | ancestry]
 10923 | D:8      | Reached XP level 10. HP: 63/76 MP: 5/11
 11059 | D:8      | Found a staircase to the Lair.
 11275 | D:8      | Noticed a gargoyle
 11296 | D:8      | Killed a gargoyle
 11543 | D:8      | Reached ***** piety under Okawaru
 12007 | D:8      | Noticed a two-headed ogre
 12024 | D:8      | Killed a two-headed ogre
 12024 | D:8      | Received a gift from Okawaru
 12024 | D:8      | Reached skill level 10 in Axes
 12029 | D:8      | Got a smoking scimitar {god gift}
 12030 | D:8      | Identified the +2 scimitar "Yptoghobi" {freeze, Str+9 Int+4
                  | Stlth-} (Okawaru gifted it to you on level 8 of the
                  | Dungeon)
 12259 | D:8      | Found an ancient bone altar of Kikubaaqudgha.
 12675 | D:9      | Found a staircase to the Orcish Mines.
 12725 | D:9      | Gained mutation: You have large cloven feet. [demonic
                  | ancestry]
 12725 | D:9      | Reached XP level 11. HP: 68/83 MP: 12/12
 12993 | D:9      | Found Iphutt's Weapon Shoppe.
 13113 | Orc:1    | Entered Level 1 of the Orcish Mines
 13118 | Orc:1    | Noticed an orc sorcerer
 13121 | Orc:1    | Noticed a sixfirhy
 13124 | Orc:1    | Killed an orc sorcerer
 13302 | Orc:1    | Received a gift from Okawaru
 13410 | Orc:1    | Noticed an orc knight
 13850 | Orc:1    | Killed an orc knight
 14062 | Orc:2    | Entered Level 2 of the Orcish Mines
 14062 | Orc:2    | Found a staircase to the Elven Halls.
 14071 | Orc:2    | Noticed a two-headed ogre
 14280 | Orc:2    | Noticed a two-headed ogre
 14627 | Lair:1   | Entered Level 1 of the Lair of Beasts
 15855 | Lair:2   | Noticed an oklob plant
 15855 | Lair:2   | Noticed a six-headed hydra
 15866 | Lair:2   | Killed a one-headed hydra
 16095 | Lair:2   | Received a gift from Okawaru
 16145 | Lair:2   | Noticed an oklob plant
 16171 | Lair:2   | Gained mutation: You are powered by pain. [demonic
                  | ancestry]
 16171 | Lair:2   | Reached XP level 12. HP: 80/93 MP: 13/13
 16645 | Lair:2   | Found a staircase to the Snake Pit.
 16764 | Lair:2   | Found a staircase to the Shoals.
 17606 | Lair:3   | Noticed a seven-headed hydra
 17617 | Lair:3   | Killed a one-headed hydra
 17644 | Lair:3   | Found a labyrinth entrance.
 17653 | Lab      | Entered a labyrinth
 18077 | Lab      | Found an exit through the horrors of the Abyss.
 18345 | Lab      | Found an exit through the horrors of the Abyss.
 18932 | Lab      | Found an exit through the horrors of the Abyss.
 19086 | Lab      | Noticed a minotaur
 19126 | Lab      | Killed a minotaur
 19191 | Lab      | Got a scorched scale mail
 19399 | Lair:3   | Identified the +10 scale mail of Oqicafoc {rPois MR++
                  | Dex+3} (You found it in a labyrinth)
 19428 | Lair:3   | Noticed a six-headed hydra
 19439 | Lair:3   | Killed a one-headed hydra
 19439 | Lair:3   | Reached ****** piety under Okawaru
 19439 | Lair:3   | Received a gift from Okawaru
 20407 | Lair:4   | Reached skill level 10 in Armour
 20750 | Lair:4   | Noticed a six-headed hydra
 20759 | Lair:4   | Killed a one-headed hydra
 20759 | Lair:4   | Gained mutation: When seriously injured, your bleeding
                  | wounds create thick armour. (AC +9) [demonic ancestry]
 20759 | Lair:4   | Reached XP level 13. HP: 95/100 MP: 15/15
 21781 | Lair:6   | Entered Level 6 of the Lair of Beasts
 21812 | Lair:6   | Received a gift from Okawaru
 21821 | Lair:6   | Got a bloodstained war axe {god gift}
 21822 | Lair:6   | Identified the +1 war axe of Eternal Harmony {venom, MP+9
                  | Str+3 Int+3 Dex-2} (Okawaru gifted it to you on level 6 of
                  | the Lair of Beasts)
 22063 | Lair:6   | Reached skill level 5 in Dodging
 22197 | Lair:6   | Received a gift from Okawaru
 22722 | Lair:6   | Reached skill level 10 in Fighting
 22951 | Lair:6   | Received a gift from Okawaru
 22963 | Lair:6   | Got a pair of transparent boots {god gift}
 22969 | Lair:6   | Identified the -5 pair of boots "Udghal" {rF+ rC+ Regen+
                  | Int+4} (Okawaru gifted it to you on level 6 of the Lair of
                  | Beasts)
 23067 | Lair:6   | Reached skill level 10 in Shields
 23553 | Lair:6   | Found a viscous altar of Jiyva.
 23553 | Lair:6   | Found a staircase to the Slime Pits.
 23688 | Lair:6   | Reached XP level 14. HP: 84/110 MP: 14/16
 24926 | Orc:1    | Received a gift from Okawaru
 24929 | Orc:1    | Got a twisted scale mail {god gift}
 24940 | Orc:1    | Identified the +2 scale mail of Listlessness {rF- rN+ Str+6
                  | Dex-2} (Okawaru gifted it to you on level 1 of the Orcish
                  | Mines)
 25878 | Orc:2    | Found Kemme's Magic Scroll Shoppe.
 25878 | Orc:2    | Found Qitt's Antique Armour Shop.
 25879 | Orc:2    | Found Votie's Distillery.
 25879 | Orc:2    | Found Doroeniyll's Jewellery Emporium.
 25886 | Orc:2    | Bought a scroll of identify for 24 gold pieces
 25886 | Orc:2    | Bought a scroll of teleportation for 36 gold pieces
 25886 | Orc:2    | Bought a scroll of identify for 24 gold pieces
 25886 | Orc:2    | Bought a scroll of identify for 24 gold pieces
 25886 | Orc:2    | Bought a scroll of identify for 24 gold pieces
 25900 | Orc:2    | Bought a potion of curing for 48 gold pieces
 25900 | Orc:2    | Bought a potion of mutation for 128 gold pieces
 25900 | Orc:2    | Bought a potion of berserk rage for 80 gold pieces
 26188 | Orc:1    | Gained mutation: You are resistant to hostile enchantments.
                  | (MR+) [a neqoxec]
 26497 | D:10     | Entered Level 10 of the Dungeon
 26714 | D:10     | Received a gift from Okawaru
 27886 | D:11     | Noticed Psyche
 27892 | D:11     | Killed Psyche
 27948 | D:11     | Reached XP level 15. HP: 116/118 MP: 17/17
 28936 | D:12     | Received a gift from Okawaru
 29148 | D:13     | Found a frozen archway.
 29220 | IceCv    | Entered an ice cave
 30214 | IceCv    | Noticed a frost giant
 30241 | IceCv    | Killed a frost giant
 30457 | IceCv    | Identified the Disquisition on the Snowflakes
 30781 | D:13     | Found a gate to the Vaults.
 31174 | D:13     | Received a gift from Okawaru
 31518 | D:14     | Noticed Rupert
 31542 | D:14     | Killed Rupert
 31905 | D:14     | Found a runed door.
 32392 | D:15     | Entered Level 15 of the Dungeon
 32445 | D:15     | Gained mutation: You have hoof-like feet. [demonic
                  | ancestry]
 32445 | D:15     | Reached XP level 16. HP: 128/128 MP: 19/19
 32500 | D:15     | Received a gift from Okawaru
 32511 | D:15     | Identified a +0 pair of boots of running (Okawaru gifted it
                  | to you on level 15 of the Dungeon)
 32803 | D:15     | Found a staircase to the Depths.
 32831 | D:15     | Found Sanuny's Armour Shop.
 32836 | D:15     | Bought the +3 pair of gauntlets of War {Slay+5} for 712
                  | gold pieces
 32836 | D:15     | Found the +3 pair of gauntlets of War {Slay+5}
 32951 | D:15     | Found Mahuipeu's General Store.
 33168 | D:15     | Found Saulukoe's Book Emporium.
 33280 | D:15     | Found a shadowy altar of Dithmenos.
 33510 | D:15     | Found Plog's Assorted Antiques.
 33518 | D:15     | Bought a potion of mutation for 152 gold pieces
 33928 | Elf:1    | Entered Level 1 of the Elven Halls
 34012 | Elf:1    | Reached skill level 15 in Axes
 34108 | Elf:1    | Identified the Papyrus of the Escort
 34617 | Elf:1    | Found Otiheep's Magic Scroll Emporium.
 34625 | Elf:1    | Bought a scroll of enchant weapon for 120 gold pieces
 35270 | Elf:1    | Received a gift from Okawaru
 36057 | Elf:2    | Found a runed door.
 36089 | Elf:2    | Found a runed door.
 36141 | Elf:2    | Identified Mefut's Compendium of Axaxaxas mlö
 36148 | Elf:2    | Identified the Tome of Dhcmrlchtdj
 36344 | Elf:2    | Identified the Compendium of Combed Thunderclap
 36601 | Elf:2    | Reached XP level 17. HP: 54/136 MP: 13/20
 36905 | Elf:2    | Noticed a deep elf blademaster
 36936 | Elf:2    | Killed a deep elf blademaster
 36936 | Elf:2    | Received a gift from Okawaru
 37544 | Elf:3    | Entered Level 3 of the Elven Halls
 37810 | Elf:3    | Received a gift from Okawaru
 37837 | Elf:3    | Reached skill level 15 in Shields
 38390 | Elf:3    | Identified the cursed +1 lajatang "Xitri" {slice, rElec
                  | rC+++ Int-4 Dex+3}
 38830 | Elf:3    | Found Gubu's Gadget Shoppe.
 38916 | Elf:3    | Noticed a deep elf blademaster
 38936 | Elf:3    | Cast into level 3 of the Abyss (dire flail of distortion)
 39224 | Abyss:3  | Noticed a bone dragon
 39286 | Abyss:3  | Killed a bone dragon
 39316 | Elf:3    | Escaped the Abyss
 39324 | Elf:3    | Identified the ring of Gatut {*Contam rN+ Int+6}
 39331 | Elf:3    | Identified a ring of the Octopus King {Wiz AC+1 EV+1 Str+1
                  | Int+1 Dex+1}
 39368 | Elf:3    | HP: 5/140 [deep elf annihilator/+5 dagger of distortion
                  | (6)]
 39371 | Elf:3    | Received a gift from Okawaru
 39380 | Elf:3    | Reached XP level 18. HP: 29/147 MP: 11/21
 39386 | Elf:3    | HP: 6/147 [deep elf high priest/a malign offering (25)]
 39503 | Elf:3    | Killed from afar by a deep elf sorcerer

Vault maps used:
D:1:      sevenhm_arrival_forest_fort_large_4, hangedman_abyss_or_decor_stabs,
          serial_park_tiny_2, minmay_shallow_snake_nest
D:3:      cheibrodos_helix_gallery
D:4:      temple_doors_ab, serial_curves, eino_curves_02, eino_curves_03,
          serial_shops, shop, portal_sewer_entry_f, fedhas_altar_3
D:5:      first_ration, nicolae_ossuary_entry_monument, serial_shops, shop,
          uniq_menkaure, uniq_prince_ribbit1
D:6:      kennysheep_mini_moat, serial_shops, shop
D:8:      david_lair_shrubbed, grunt_ogre_cave, tgw_kikubaaqudgha, uniq_erica
D:9:      david_orc_2, serial_shops, shop, serial_undead, serial_undead_e,
          serial_undead_d, serial_undead_a, serial_undead_f
D:10:     minmay_imperfect_grid
D:11:     uniq_psyche
D:13:     lightli_vaults_fourway_checkpoint, portal_ice_cave_demonic_guard
D:14:     cheibrodos_shockbox, minmay_misc_feat_diagonals, uniq_rupert
D:15:     hangedman_depths_entry_civil_slaughter, minmay_misc_feat_encased,
          serial_shops, shop, shop, shop, shop_coins,
          nicolae_dithmenos_the_darkroom
Temple:   roderic_octagonal_lattice_temple
Lair:2:   minmay_shoals_entry_centaurs, minmay_snake_entry_guardpost_medium,
          serial_bayou_shore_b, minmay_lair_oklob_chamber
Lair:3:   cheibrodos_magma_flow, lab_entry_generic, serial_bayou_ford_a
Lair:4:   infiniplex_staircase_pool, lemuel_fruit_fields
Lair:5:   grunt_megastairs_4
Lair:6:   guppyfry_lair_end_dragon, hangedman_lair_tendril_chambers,
          slime_altar_1
Orc:2:    st_orc_ogre_mass
Elf:1:    serial_shops, nicolae_shop_crystal, minmay_elf_demonology,
          minivault_20
Elf:2:    bh_hangedman_babel_library
Elf:3:    minmay_elf_hall_quartered_circle, serial_shops, nicolae_shop_crystal
Abyss:3:  grunt_abyss_rune_forest_and_sorcery
Lab:      nicolae_lab_flowing_pool, nicolae_lab_t_cross
Sewer:    sewer_co_purgy_island
Ossuary:  ossuary_minmay_scorpions
IceCv:    ice_cave_caverns_02

Skill      XL: |  1  2  3  4  5  6  7  8  9 10 11 12 13 14 15 16 17 |
---------------+----------------------------------------------------+-----
Axes           | 2 3 4 5 7 8 10 11 12 13 14 15 | 15.9
Shields        | 3 4 5 6 7 9 10 11 13 14 15 | 15.9
Armour         | 3 4 5 6 8 10 11 12 | 12.1
Dodging        | 1 2 3 4 5 6 7 8 9 |  9.2
Stealth        | 1 2 3 |  3.7
Fighting       | 4 5 7 8 9 10 11 12 13 14 | 14.7
Invocations    | 1 2 3 4 |  4.9
Evocations     | |  0.1

Action                   |  1- 3 |  4- 6 |  7- 9 | 10-12 | 13-15 | 16-18 || total
-------------------------+-------+-------+-------+-------+-------+-------++-------
Melee: War axe           |   125 |   299 |   575 |   168 |       |       ||  1167
       Hand axe          |       |       |       |   840 |  1849 |  1176 ||  3865
       Kick              |       |       |       |   283 |   783 |    28 ||  1094
Invok: Heroism           |       |       |     7 |    10 |    12 |    12 ||    41
       Finesse           |       |       |       |     3 |     2 |     1 ||     6
 Abil: Evoke Flight      |       |       |       |       |     1 |       ||     1
  Use: Potion            |     2 |     4 |     6 |       |       |    18 ||    30
       Scroll            |       |     5 |    10 |     8 |    10 |     9 ||    42
 Stab: Invisible         |       |     3 |       |       |       |       ||     3
       Confused          |       |       |       |       |     2 |       ||     2
       Distracted        |       |       |       |       |     1 |     1 ||     2
  Eat: Chunk             |     1 |    11 |    15 |    25 |    37 |    22 ||   111
       Ration            |       |     1 |     1 |     2 |     1 |       ||     5
Armor: Scale mail        |    91 |   156 |   206 |   100 |   458 |   315 ||  1326
       Plate armour      |       |       |       |   213 |   113 |       ||   326
       Acid dragon scale |       |       |       |       |     1 |       ||     1
Dodge: Dodged            |    44 |   132 |   269 |   233 |   604 |   288 ||  1570
       Deflected         |       |       |       |       |       |    11 ||    11
Block: Shield            |    70 |   165 |   309 |   396 |   574 |       ||  1514
       Large shield      |       |       |       |       |   585 |   816 ||  1401

Table legend:
 A = Non-vault XP
 B = Vault XP
 C = Vault XP percentage of total XP
 D = Non-vault monster count
 E = Vault monster count
 F = Vault count percentage of total count
                 A         B        C        D         E       F
            +---------+---------+-------+---------+---------+-------
      Total |  169370 |  127777 |  43.0 |     753 |     324 |  30.1
            +---------+---------+-------+---------+---------+-------
        D:1 |     125 |       1 |   0.8 |      34 |       1 |   2.9
        D:2 |     100 |       0 |   0.0 |      17 |       0 |   0.0
        D:3 |      89 |       3 |   3.3 |      26 |       2 |   7.1
        D:4 |     352 |      12 |   3.3 |      18 |       5 |  21.7
        D:5 |    1183 |     157 |  11.7 |      36 |       1 |   2.7
        D:6 |     472 |       0 |   0.0 |      15 |       0 |   0.0
        D:7 |     789 |       0 |   0.0 |      19 |       0 |   0.0
        D:8 |    3284 |    1405 |  30.0 |      26 |       3 |  10.3
        D:9 |    2446 |     799 |  24.6 |      41 |      12 |  22.6
       D:10 |    2142 |    4286 |  66.7 |      16 |      28 |  63.6
       D:11 |    4622 |     454 |   8.9 |      21 |       1 |   4.5
       D:12 |    4869 |       0 |   0.0 |      51 |       0 |   0.0
       D:13 |    8507 |    6476 |  43.2 |      28 |      14 |  33.3
       D:14 |   11564 |    3907 |  25.3 |      51 |       2 |   3.8
       D:15 |   10012 |    4414 |  30.6 |      22 |       6 |  21.4
     Lair:1 |    2999 |       0 |   0.0 |      15 |       0 |   0.0
     Lair:2 |    7490 |    1875 |  20.0 |      28 |       8 |  22.2
     Lair:3 |    5163 |    1117 |  17.8 |      17 |       7 |  29.2
     Lair:4 |    4614 |       0 |   0.0 |      25 |       0 |   0.0
     Lair:5 |     147 |     350 |  70.4 |       1 |       1 |  50.0
     Lair:6 |   14832 |   13116 |  46.9 |      50 |      44 |  46.8
      Orc:1 |    3793 |    7047 |  65.0 |      39 |      13 |  25.0
      Orc:2 |    2689 |   11816 |  81.5 |      33 |      24 |  42.1
      Elf:1 |   18608 |    6212 |  25.0 |      30 |       9 |  23.1
      Elf:2 |   14346 |   27513 |  65.7 |      23 |      33 |  58.9
      Elf:3 |   26765 |   21521 |  44.6 |      42 |      17 |  28.8
    Abyss:3 |   16099 |       0 |   0.0 |      28 |       0 |   0.0
        Lab |    1269 |     885 |  41.1 |       1 |       4 |  80.0
      Sewer |       0 |     155 | 100.0 |       0 |       9 | 100.0
    Ossuary |       0 |     945 | 100.0 |       0 |      29 | 100.0
      IceCv |       0 |   13311 | 100.0 |       0 |      51 | 100.0
            +---------+---------+-------+---------+---------+-------
